 Dungeon Crawl Stone Soup version 0.23.1 (webtiles) character file.

Game seed: 15773811550024233920

489 LostNumber the Distorting Demonspawn (level 6, -2/49 HPs)
             Began as a Demonspawn Abyssal Knight on Mar 10, 2019.
             Was a Believer of Lugonu.
             Slain by an orc
             ... wielding a cursed -2 dagger
              (4 damage)
             ... on level 5 of the Dungeon.
             The game lasted 00:05:12 (4877 turns).

LostNumber the Distorting Demonspawn (DsAK)         Turns: 4877, Time: 00:05:12

Health: -2/49      AC:  6    Str: 14    XL:     6   Next: 90%
Magic:  9/9        EV: 10    Int: 13    God:    Lugonu [**....]
Gold:   202        SH:  0    Dex: 13    Spells: 5/5 levels left

rFire    + . .     SeeInvis +     - Unarmed
rCold    . . .     Gourm    .   (no shield)
rNeg     . . .     Faith    .   o - +1 ring mail
rPois    .         Spirit   .   (no helmet)
rElec    .         Reflect  .   (no cloak)
rCorr    .         Harm     .   (no gloves)
MR       .....                  (no boots)
Stlth    +.........             (no amulet)
HPRegen  0.16/turn              z - ring of see invisible
MPRegen  0.11/turn              (no ring)

@: berserk cooldown, slowed, very slow
A: claws 1, talons 2, fire resistance 1
a: Depart the Abyss, Bend Space, Renounce Religion


You were on level 5 of the Dungeon.
You worshipped Lugonu.
Lugonu was pleased with you.
You were not hungry.

You visited 1 branch of the dungeon, and saw 5 of its levels.
You visited the Abyss 1 time.

You collected 202 gold pieces.

Inventory:

Hand Weapons
 a - a +1 hand axe
Armour
 b - a +0 leather armour
 k - a +0 ring mail
   (You found it on level 2 of the Dungeon)
 o - a +1 ring mail (worn)
   (You found it on level 3 of the Dungeon)
Jewellery
 z - a ring of see invisible (left claw)
   (You found it on level 1 of the Dungeon)
Scrolls
 d - 3 scrolls of teleportation {@r4}
 i - a scroll of enchant armour
 l - a scroll of remove curse {@r2}
 n - a scroll of fog
Potions
 c - a potion of mutation {unknown}
 f - a potion of degeneration {unknown}
 g - 2 potions of haste {@q3}
 h - a potion of berserk rage
 j - a potion of flight {unknown}
 m - a potion of lignification {unknown}
 p - 3 potions of curing {unknown}
 q - a potion of resistance {unknown}
 r - a potion of agility {unknown}
Comestibles
 e - 9 rations {!d}


   Skills:
 + Level 4.6 Fighting
 - Level 2.6 Axes
 - Level 1.7 Armour
 - Level 0.8 Dodging
 * Level 4.0 Unarmed Combat
 + Level 5.2 Invocations


You had 5 spell levels left.
You didn't know any spells.
Your spell library was empty.

Dungeon Overview and Level Annotations

Branches:
Dungeon (5/15)
 Temple: D:4-7

Altars:

Annotations:
D:2 Sigmund
D:3 Ijyb


Innate Abilities, Weirdness & Mutations

You have sharp fingernails.
You have razor-sharp toenails.
Your flesh is heat resistant. (rF+)


Message History

Found a stone staircase leading up.
m - a white potion
q - a viscous coppery potion Menkaure, Prince of Dust comes into view.
Menkaure shouts!
Unknown command.
You start waiting.
Menkaure is too close now for your liking.
Menkaure barely misses you.
You scratch Menkaure. Menkaure barely misses you.
You scratch Menkaure but do no damage. You claw Menkaure.
Menkaure hits you but does no damage.
You scratch Menkaure. You claw Menkaure.
You hear the slow rusting of a distant drain.
You scratch Menkaure. Your kick misses Menkaure. Menkaure hits you.
You scratch Menkaure but do no damage.
Menkaure calls on the powers of darkness!
Your body is wracked with pain!
You scratch Menkaure. You claw Menkaure. Menkaure hits you!!
* * * LOW HITPOINT WARNING * * *
A red film seems to cover your vision as you go berserk!
You feel yourself moving faster!
You feel mighty!
Unknown command.
You barely miss Menkaure. You claw Menkaure!
You destroy Menkaure!
Lugonu accepts your kill.
Your Unarmed Combat skill increases to level 4!
Your Invocations skill increases to level 5!
You feel a strong urge to attack something.
You feel your anger nearly subside.
You are no longer berserk.
You pass out from exhaustion.
You feel yourself slow down.
You can move again.
You start resting.
An orc comes into view. It is wielding a -2 dagger.
An orc is nearby!
Unknown command.
The orc shouts!
You hear a shout!
An orc priest comes into view. It is wielding a +0 whip.
An orc comes into view.
An orc comes into view. It is wielding a +0 dagger.
The orc shouts!
The orc priest mumbles some strange prayers to Beogh against you.
Beogh smites you!
* * * LOW HITPOINT WARNING * * *
The orc priest mumbles some strange prayers to Beogh against you.
You barely resist.
The orc priest begins to cast a cantrip, but forgets the words!
The orc hits you with a cursed -2 dagger.
You die...

.... .... ..# .... #####
#.# ..... ....# #.# #..
<##....# #.### #.# ......#
#...# #.# #.....# ###.#
#####.####.....#
#.#####...........[..#
##.......@............#
#....#..o.............#
.....####....o...........#
##### #......o.........#
#.....o........###
#..............#
##....(.......##
##..........##
############


You could see an orc priest and 3 orcs.

Vanquished Creatures
  Menkaure (D:5)
  2 scorpions (D:4)
  An iguana (D:4)
  Jessica (D:2)
  Natasha (thrice) (D:2)
  6 adders
  An ooze (D:3)
  2 worms
  2 dart slugs
  2 leopard geckos
  4 orcs
  A ball python (D:3)
  5 giant cockroaches (D:1)
  7 goblins
  9 hobgoblins
  4 jackals (D:4)
  5 kobolds
  A quokka (D:2)
  9 bats
  4 frilled lizards
  7 rats
77 creatures vanquished.

Vanquished Creatures (others)
  A frilled lizard (D:3)
1 creature vanquished.

Grand Total: 78 creatures vanquished

Notes
Turn   | Place    | Note
-------+----------+-------------------------------------------
     0 | Abyss:1  | LostNumber the Demonspawn Abyssal Knight began the quest
                  | for the Orb.
     0 | Abyss:1  | Reached XP level 1. HP: 18/18 MP: 2/2
     2 | Abyss:1  | Found a corrupted altar of Lugonu.
    48 | Abyss:1  | Noticed a chaos spawn
    48 | Abyss:1  | Noticed a small abomination
    49 | D:1      | Escaped the Abyss
    88 | D:1      | Reached * piety under Lugonu
    93 | D:1      | Gained mutation: Your flesh is heat resistant. (rF+)
                  | [demonic ancestry]
    93 | D:1      | Reached XP level 2. HP: 18/24 MP: 4/4
   266 | D:1      | Reached skill level 3 in Invocations
   710 | D:1      | Gained mutation: You have sharp fingernails. [demonic
                  | ancestry]
   710 | D:1      | Reached XP level 3. HP: 27/29 MP: 5/5
   759 | D:2      | Noticed Natasha
   771 | D:2      | Killed Natasha
   771 | D:2      | Reached skill level 1 in Unarmed Combat
  1444 | D:2      | Noticed Jessica
  1466 | D:2      | Killed Jessica
  1466 | D:2      | Reached XP level 4. HP: 32/36 MP: 6/6
  1782 | D:2      | Noticed Natasha
  1795 | D:2      | Killed Natasha
  1795 | D:2      | Reached ** piety under Lugonu
  1795 | D:2      | Reached skill level 4 in Invocations
  1910 | D:2      | Gained mutation: You have sharp toenails. [demonic
                  | ancestry]
  1910 | D:2      | Reached XP level 5. HP: 19/42 MP: 8/8
  2161 | D:2      | Noticed Natasha
  2179 | D:2      | Killed Natasha
  2360 | D:2      | Noticed Sigmund
  2959 | D:3      | Noticed Ijyb
  3599 | D:4      | Gained mutation: You have razor-sharp toenails. [demonic
                  | ancestry]
  3599 | D:4      | Reached XP level 6. HP: 43/48 MP: 9/9
  4797 | D:5      | Entered Level 5 of the Dungeon
  4833 | D:5      | Noticed Menkaure
  4852 | D:5      | Killed Menkaure
  4852 | D:5      | Reached skill level 5 in Invocations
  4875 | D:5      | HP: 2/49 [orc priest/divine providence (10)]
  4877 | D:5      | Slain by an orc

Skill      XL: |  1  2  3  4  5  6 |
---------------+-------------------+-----
Axes           | 2 |  2.6
Invocations    | 3 4 5 |  5.2
Unarmed Combat | 1 2 3 4 |  4.0
Fighting       | 4 |  4.6
Armour         | |  1.7
Dodging        | |  0.8

Action                   |  1- 3 |  4- 6 || total
-------------------------+-------+-------++-------
Melee: Hand axe          |   111 |   177 ||   288
       Punch             |     1 |     6 ||     7
       Kick              |       |    37 ||    37
       Unarmed           |       |     7 ||     7
Invok: Depart the Abyss  |     1 |       ||     1
  Use: Scroll            |       |     9 ||     9
       Potion            |       |     1 ||     1
  Eat: Chunk             |     2 |     8 ||    10
       Ration            |       |     1 ||     1
Armor: Leather armour    |    33 |    13 ||    46
       Ring mail         |       |    48 ||    48
Dodge: Dodged            |    88 |   117 ||   205
